 Dungeon Crawl Stone Soup version 0.30-a0-711-gf4ac18a38d (webtiles) character file.

Game seed: 8623269579261738152

81 bande the Trooper (level 4, 0/29 HPs)
             Began as a Gargoyle Fighter on Jan 23, 2023.
             Slain by a gnoll
             ... wielding a +0 spear
              (2 damage)
             ... on level 2 of the Dungeon.
             The game lasted 00:01:38 (697 turns).

bande the Trooper (Gargoyle Fighter)                 Turns: 697, Time: 00:01:39

Health: 0/29       AC: 10    Str: 19    XL:     4   Next: 42%
Magic:  4/4        EV:  5    Int:  9    God:
Gold:   42         SH: 12    Dex: 11    Spells: 3/3 levels left

rFire   . . .      SeeInvis .    a - +0 war axe
rCold   . . .      Faith    .    e - +0 tower shield
rNeg    + . .      Spirit   .    b - +0 scale mail
rPois   ∞          Reflect  .    (no helmet)
rElec   +          Harm     .    (no cloak)
rCorr   .          Rampage  .    (no gloves)
Will    .....                    (no boots) Stlth
                                 (no amulet)
HPRegen 0.24/turn                (no ring)
MPRegen 0.09/turn                (no ring)

@: no status effects
A: sickness immunity, AC +3, negative energy resistance 1, electricity
resistance, torment resistance 1, petrification resistance
a: no special abilities


You were on level 2 of the Dungeon.
You visited 1 branch of the dungeon, and saw 2 of its levels.

You collected 42 gold pieces.

Inventory:

Hand Weapons
 a - a +0 war axe (weapon)
Armour
 b - a +0 scale mail (worn)
 e - a +0 tower shield (worn)
Scrolls
 c - 2 scrolls of identify {unknown}
 f - a scroll of teleportation {unknown}
 g - a scroll of amnesia {unknown}
 h - a scroll of butterflies {unknown}
Potions
 d - a potion of might


   Skills:
 + Level 4.1 Fighting
 + Level 2.6 Axes
 + Level 3.8 Armour
 - Level 0.1 Dodging
 + Level 0.1 Stealth
 + Level 3.8 Shields


You had 3 spell levels left.
You didn't know any spells.
Your spell library was empty.

Dungeon Overview and Level Annotations

Branches:
Dungeon (2/15)

Altars:
Zin

Shops:
D:2 !


Innate Abilities, Weirdness & Mutations

You are immune to sickness and miasma.
Your stone body is resilient. (AC +3)
You are immune to poison.
You resist negative energy. (rN+)
You are resistant to electric shocks. (rElec)
You are resistant to unholy torment.
You are immune to petrification.


Message History

You have reached level 4!
You feel clever.
Found a scroll labelled TEWUYTRO CEWKAXAI.
The gnoll shouts!
The gnoll hits you but does no damage. The gnoll hits you with a +0 spear.
The gnoll hits you with a +0 flail.
You see here an adder corpse.
You hit the gnoll.
The gnoll is heavily wounded.
You hit the gnoll. The gnoll barely misses you.
The gnoll hits you but does no damage. The gnoll barely misses you.
The gnoll hits you with a +0 flail. The gnoll barely misses you.
The gnoll hits you with a +0 spear!
* * * LOW HITPOINT WARNING * * *
The hobgoblin unwields a +0 sling.
The hobgoblin hits you but does no damage.
The gnoll hits you from afar with a +0 spear.
* * * LOW HITPOINT WARNING * * *
You block the gnoll's attack.
You hit the gnoll.
The gnoll is almost dead.
You hit the gnoll.
You kill the gnoll!
You hit the hobgoblin but do no damage. The gnoll barely misses you.
You block the gnoll's attack. The gnoll hits you but does no damage.
The hobgoblin barely misses you.
Your Fighting skill increases to level 4!
You hit the gnoll.
You kill the gnoll!
You hit the hobgoblin.
You kill the hobgoblin!
The gnoll hits you but does no damage. You block the gnoll's attack. x2
The gnoll hits you from afar with a +0 spear.
* * * LOW HITPOINT WARNING * * *
Unknown command.
The gnoll hits you but does no damage. You block the gnoll's attack.
You see here a +0 spear.
Unknown command.
The gnoll hits you with a +0 spear.
You die...

#.# .. #.# ...
##.## ....
##...##?...
##........
#.(.....#
#.......##.#
#..g@g.....#
####..))##.##.#
.......†.#
##.#...).# #
#.....######
#......<...#
#.###.####.##
#. #.#
#...#########
.. (.#
#...##.......


You could see 2 gnolls.

Vanquished Creatures
  2 gnolls (D:2)
  An adder (D:2)
  4 dart slugs
  5 bats (D:1)
  5 endoplasms (D:1)
  A giant cockroach (D:2)
  4 goblins (D:1)
  5 hobgoblins
  3 jackals (D:1)
  A quokka (D:1)
  A frilled lizard (D:1)
  8 kobolds
  2 rats (D:1)
42 creatures vanquished.

Notes
Turn   | Place    | Note
-------+----------+-------------------------------------------
     0 | D:1      | bande the Gargoyle Fighter began the quest for the Orb.
     0 | D:1      | Reached XP level 1. HP: 14/14 MP: 1/1
    43 | D:1      | Reached XP level 2. HP: 19/19 MP: 2/2
   145 | D:1      | Reached XP level 3. HP: 18/24 MP: 3/3
   602 | D:2      | Found a glowing silver altar of Zin.
   661 | D:2      | Found Vicigusch's Distillery.
   692 | D:2      | Reached XP level 4. HP: 20/29 MP: 4/4
   695 | D:2      | Reached skill level 4 in Fighting
   697 | D:2      | Slain by a gnoll

Illustrated notes

Levels and vault maps discovered:
D:1:      nzn_arrival_settlement, layout_rooms
D:2:      layout_loops_cross, basic_altar, serial_shops, nicolae_shop_crystal

Skill      XL: |  1  2  3  4 |
---------------+-------------+-----
Axes           | 2 |  2.6
Fighting       | 4 |  4.1
Armour         | |  3.8
Dodging        | |  0.1
Stealth        | |  0.1
Shields        | |  3.8

Action                     |  1- 3 |  4- 6 || total
---------------------------+-------+-------++-------
  Melee: War axe           |    94 |     3 ||    97
   Stab: Distracted        |     1 |       ||     1
 Armour: Scale mail        |    63 |     6 ||    69
  Dodge: Dodged            |    23 |     5 ||    28
  Block: Buckler           |     7 |       ||     7
         Tower shield      |    54 |     5 ||    59

Table legend: (Time is in decaauts)
 A = Elapsed time spent in this place.
 B = Non-inter-level travel time spent in this place.
 C = Inter-level travel time spent in this place.
 D = Time resting spent in this place.
 E = Time spent auto-exploring this place.
 F = Levels seen in this place.
 G = Mean time per level.
                   A        B        C        D        E       F      G
               +--------+--------+--------+--------+--------+-----+--------+
         Total |    767 |    767 |      0 |      0 |    488 |   2 |  383.5 |
       Dungeon |    767 |    767 |      0 |      0 |    488 |   2 |  383.5 |
               +--------+--------+--------+--------+--------+-----+--------+

Top non-repeatable levels by time:
     D:1: 562 daAuts
     D:2: 204 daAuts
